cohdb
Replays
Latest Replays
All Replays
Popular Replays
Top Player Replays
Match Explorer
How It Works
Community
CoH3 Stats
Reddit
Sign in to upload your games and track your stats! →
Sign in with Steam
Match 45758102
Unlisted
Match 45758102
Overview
Messages
Build Orders
End
Pioneer Squad
Selects Italian Coastal Battlegroup
Selects Coastal Reserves
Coastal Reserve
Coastal Reserve
Coastal Reserve
Pioneer Squad
Construct Infanterie Kompanie
MG 42 Machine Gun Team
Medical Station
Selects Artillery Officer
Construct Luftwaffe Kompanie
Artillery Officer
Support Elements
Wirbelwind Flakpanzer
Selects Designate Defensive Line
Selects Rapid Fortifications
Marder III M Tank Destroyer
Jäger Squad
Wirbelwind Flakpanzer
Selects Coastal Wall
Rapid Fortifications
MG 42 Machine Gun Team
Designate Defensive Line
Rapid Fortifications
MG 42 Bunker
Selects Call the Reserves!
Construct Panzer Kompanie
Stoßtruppen Squad
Designate Defensive Line
Rapid Fortifications
MG 42 Bunker
Skeng.Tecnica.International
K̳itsuné
0
0
Comments
sign in to comment!
No comments posted yet!